 Dungeon Crawl Stone Soup version 0.28.0-53-g5a82cb258f (webtiles) character file.

Game seed: 4328985625962345825

22 Descartes the Cudgeller (level 2, 0/29 HPs)
             Began as a Troll Monk on June 21, 2022.
             Was the Champion of Ignis.
             Slain by an adder (3 damage)
             ... on level 2 of the Dungeon.
             The game lasted 00:01:38 (543 turns).

Descartes the Cudgeller (Troll Monk)                 Turns: 543, Time: 00:01:39

Health: 0/29       AC:  5    Str: 18    XL:     2   Next: 68%
Magic:  1/1        EV: 10    Int:  6    God:    Ignis [******]
Gold:   18         SH:  0    Dex: 12    Spells: 1/1 levels left

rFire   + . .      SeeInvis .   a - +0 mace
rCold   . . .      Faith    .   (no shield)
rNeg    . . .      Spirit   .   b - +0 robe
rPois   .          Reflect  .   (helmet restricted)
rElec   .          Harm     .   i - +0 cloak
rCorr   .          Rampage  .   (gloves unavailable)
Will    .....                   (boots unavailable)
Stlth   ++........              (no amulet)
HPRegen 0.89/turn               (no ring)
MPRegen 0.07/turn               (no ring)

@: lethally poisoned (0 -> -2)
A: large, unfitting armour, claws 3, regeneration 1, shaggy fur 1, tough skin 1
a: Renounce Religion, Fiery Armour, Foxfire Swarm, Rising Flame


You were on level 2 of the Dungeon.
You worshipped Ignis.
Ignis was exalted by your worship.
You visited 1 branch of the dungeon, and saw 2 of its levels.

You collected 18 gold pieces.

Inventory:

Hand Weapons
 a - a +0 mace (weapon)
Armour
 b - a +0 robe (worn)
 i - a +0 cloak (worn)
Scrolls
 e - 2 scrolls of noise {unknown}
 f - a scroll of identify {unknown}
 h - a scroll of amnesia {unknown}
Potions
 d - a potion of degeneration {unknown}
 g - a potion of curing {unknown}


   Skills:
 + Level 2.6 Fighting
 + Level 3.0 Maces & Flails
 + Level 2.6 Dodging
 + Level 1.2 Stealth


You had one spell level left.
You didn't know any spells.
Your spell library contained the following spells:

 Spells                   Type           Power      Damage    Failure   Level
 Olgreb's Toxic Radiance  Pois           0%         N/A       99%         4
 Ozocubu's Refrigeration  Ice            0%         4d5       100%        7
 Ignition                 Fire           0%         3d3       100%        8


Dungeon Overview and Level Annotations

Branches:
Dungeon (2/15)

Altars:
Ignis


Innate Abilities, Weirdness & Mutations

You are too large for most types of armour.
You have claws for hands.
Your natural rate of healing is unusually fast.
You are covered in fur. (AC +1)
You have tough skin. (AC +1)


Message History

You hit the adder but do no damage. The adder bites you.
You are poisoned.
The adder poisons you! The adder bites you. The adder barely misses you.
You closely miss the adder.
You feel very sick. The adder barely misses you. The adder bites you.
You hit the adder.
The adder is moderately wounded.
You feel sick. The adder bites you.
You are more poisoned.
The adder poisons you! The adder bites you. x2
You are more poisoned.
The adder poisons you! The adder bites you but does no damage.
You barely miss the adder.
You feel very sick. The adder completely misses you.
The adder closely misses you. The adder misses you. The adder bites you.
You barely miss the adder. You claw the adder.
The adder is lightly wounded.
You feel very sick. The adder bites you but does no damage.
The adder closely misses you.
You hit the adder.
The adder is moderately wounded.
You feel sick. The adder bites you but does no damage.
The adder completely misses you. The adder barely misses you.
The adder bites you but does no damage.
You miss the adder.
The adder is moderately wounded.
You feel very sick. The adder closely misses you.
The adder bites you but does no damage. The adder bites you.
* * * LOW HITPOINT WARNING * * *
You are more poisoned.
The adder poisons you!
You thump the adder!
You kill the adder!
* * * LOW HITPOINT WARNING * * *
You feel very sick. The adder bites you.
You die...

........>...#.#
.#..#.#.#.#.#.#
#..#.#.#.#.#.#
#..#.#<#.#.#.#
#..#.###.#.#.##
###+#..#.#........#
.......#.#.#.#.####
......S#.....#.#
.......@.#.###.#
.......#.#.# #.#
.:.......#.# #.#
#....#####.# ..#
##### #.# ### #.#
#[# #.#


You could see an adder.

Vanquished Creatures
  An adder (D:2)
  A dart slug (D:1)
  3 ball pythons (D:1)
  2 endoplasms (D:1)
  A goblin (D:1)
  2 hobgoblins (D:1)
  4 jackals (D:1)
  A bat (D:1)
  A frilled lizard (D:1)
  3 kobolds (D:1)
19 creatures vanquished.

Notes
Turn   | Place    | Note
-------+----------+-------------------------------------------
     0 | D:1      | Descartes the Troll Monk began the quest for the Orb.
     0 | D:1      | Reached XP level 1. HP: 22/22 MP: 0/0
    46 | D:1      | Found a faded altar of an unknown god.
    76 | D:1      | Prayed at the altar of an unknown god.
    76 | D:1      | Became a worshipper of Ignis, the Dying Flame
    76 | D:1      | Reached ****** piety under Ignis
    97 | D:1      | Reached XP level 2. HP: 29/29 MP: 1/1
   349 | D:1      | Reached skill level 3 in Maces & Flails
   543 | D:2      | Slain by an adder

Illustrated notes

Levels and vault maps discovered:
D:1:      psy_arrival_conway, layout_rooms, ebering_ecumenical_altar_rust
D:2:      layout_basic, basic_altar

Skill      XL: |  1  2 |
---------------+-------+-----
Maces & Flails | 3 |  3.0
Fighting       | |  2.6
Dodging        | |  2.6
Stealth        | |  1.2

Action                   || total
-------------------------++-------
Melee: Mace              ||    87
       Punch             ||     1
 Stab: Sleeping          ||     2
Armor: Robe              ||    48
Dodge: Dodged            ||    77
